General information
- name: BNet
- type: Ladder team game (AT/RT)
- host: Battle.net
- saver: 8=============D
map: GolemsInTheMist
- players: 8
- length: 30:54
- speed: Fast
- version: 1.28 W3XP
- replay type: Public
» download(219 KB)
Players
team 1 (winner)

»
SirDanksalot (
orange | 55 APM | 1659 actions | 30:04)
5 Warden
3 Fan of Knives
2 Blink
5 Keeper of the Grove
3 Entangling Roots
2 Force of Nature
» actions
| Assign group hotkey | 494 | |
| Basic commands | 65 | |
| Build / train | 77 | |
| ESC pressed | 1 | |
| Enter build submenu | 17 | |
| Enter hero's abilities submenu | 10 | |
| Give item / drop item | 6 | |
| Right click | 316 | |
| Select / deselect | 190 | |
| Select group hotkey | 339 | |
| Use ability | 144 | |
1659 total
» units
| Wisp | 24 | |
| Huntress | 4 | |
| Druid of the Claw | 6 | |
| Dryad | 8 | |
42 total
» upgrades
| Druid of the Claw Training | 2 | |
| Abolish Magic | 1 | |
| Mark of the Claw | 1 | |
4 total
» buildings
| Ancient of War | 1 | |
| Altar of Elders | 1 | |
| Hunter's Hall | 1 | |
| Moon Well | 7 | |
| Ancient of Wonders | 1 | |
| Tree of Ages | 2 | |
| Ancient of Lore | 2 | |
| Tree of Eternity | 1 | |
| Tree of Life | 1 | |
| Ancient Protector | 3 | |
20 total
» build order
01:14 Ancient of War
01:18 Altar of Elders
01:20 Hunter's Hall
01:24 Moon Well
01:41 Moon Well
02:36 Ancient of Wonders
03:32 Moon Well
03:55 Tree of Ages
03:56 Tree of Ages
05:17 Moon Well
05:38 Moon Well
06:39 Ancient of Lore
06:40 Ancient of Lore
07:16 Tree of Eternity
11:53 Moon Well
13:09 Moon Well
21:26 Tree of Life
25:57 Ancient Protector
26:23 Ancient Protector
26:48 Ancient Protector
» items
| Potion of Healing | 7 | |
| Lesser Clarity Potion | 1 | |
| Orb of Lightning | 1 | |
| Healing Salve | 2 | |
| Scroll of Town Portal | 2 | |
| Scroll of Speed | 1 | |
| Potion of Mana | 1 | |
15 total
Jooooooooooooos (
yellow | 46 APM | 1407 actions | 30:54)
6 Blood Mage
3 Flame Strike
2 Siphon Mana
1 Summon Phoenix
» actions
| Assign group hotkey | 48 | |
| Basic commands | 32 | |
| Build / train | 104 | |
| Enter build submenu | 60 | |
| Enter hero's abilities submenu | 6 | |
| Give item / drop item | 3 | |
| Remove unit from queue | 3 | |
| Right click | 548 | |
| Select / deselect | 348 | |
| Select group hotkey | 97 | |
| Use ability | 158 | |
1407 total
» units
| Peasant | 14 | |
| Footman | 8 | |
| Sorceress | 5 | |
| Goblin Shredder | 1 | |
| Goblin Sapper | 5 | |
| Goblin Zeppelin | 2 | |
35 total
» upgrades
| Sorceress Training | 1 | |
| Masonry | 3 | |
| Magic Sentry | 1 | |
| Swords | 3 | |
| Armor | 3 | |
| Animal War Training | 1 | |
| Cloud | 1 | |
| Storm Hammers | 1 | |
14 total
» buildings
| Altar of Kings | 2 | |
| Barracks | 1 | |
| Farm | 9 | |
| Scout Tower | 41 | |
| Arcane Tower | 1 | |
| Arcane Vault | 1 | |
| Keep | 1 | |
| Lumber Mill | 1 | |
| Town Hall | 5 | |
| Guard Tower | 12 | |
| Arcane Sanctum | 1 | |
| Castle | 1 | |
| Blacksmith | 2 | |
| Gryphon Aviary | 5 | |
83 total
» build order
00:36 Altar of Kings
00:50 Altar of Kings
00:52 Barracks
00:54 Farm
00:55 Farm
01:05 Farm
01:07 Farm
01:52 Scout Tower
02:20 Arcane Tower
03:10 Arcane Vault
03:49 Keep
04:24 Lumber Mill
05:47 Town Hall
05:49 Scout Tower
05:49 Scout Tower
05:50 Scout Tower
05:51 Scout Tower
06:21 Guard Tower
06:23 Arcane Sanctum
08:30 Farm
08:36 Scout Tower
08:37 Scout Tower
08:38 Scout Tower
08:39 Scout Tower
08:39 Scout Tower
08:40 Scout Tower
08:40 Scout Tower
08:41 Scout Tower
09:24 Guard Tower
10:15 Guard Tower
11:11 Castle
11:21 Scout Tower
11:22 Scout Tower
11:22 Scout Tower
11:23 Scout Tower
11:28 Scout Tower
11:28 Scout Tower
11:59 Guard Tower
12:22 Guard Tower
20:39 Blacksmith
20:42 Blacksmith
20:45 Farm
20:46 Farm
20:48 Farm
20:49 Farm
20:53 Gryphon Aviary
20:56 Gryphon Aviary
20:58 Gryphon Aviary
21:02 Gryphon Aviary
21:08 Gryphon Aviary
21:26 Town Hall
21:32 Town Hall
21:36 Scout Tower
21:36 Scout Tower
21:37 Scout Tower
21:38 Scout Tower
21:40 Scout Tower
21:40 Scout Tower
21:42 Scout Tower
21:44 Scout Tower
21:45 Scout Tower
22:27 Guard Tower
22:34 Guard Tower
22:35 Guard Tower
22:42 Guard Tower
23:15 Guard Tower
27:44 Town Hall
27:47 Scout Tower
27:47 Scout Tower
27:48 Scout Tower
27:48 Scout Tower
27:50 Scout Tower
27:51 Scout Tower
27:52 Scout Tower
27:52 Scout Tower
29:41 Guard Tower
29:57 Town Hall
30:19 Scout Tower
30:19 Scout Tower
30:20 Scout Tower
30:21 Scout Tower
» items
| Scroll of Regeneration | 6 | |
| Lesser Clarity Potion | 4 | |
| Potion of Healing | 7 | |
| Potion of Mana | 7 | |
| Scroll of Town Portal | 5 | |
| Orb of Lightning | 1 | |
30 total
ALPHA-DAWG (
blue | 61 APM | 1868 actions | 30:27)
4 Blademaster
2 Wind Walk
2 Critical Strike
» actions
| Assign group hotkey | 41 | |
| Basic commands | 83 | |
| Build / train | 80 | |
| Enter build submenu | 23 | |
| Enter hero's abilities submenu | 4 | |
| Remove unit from queue | 4 | |
| Right click | 732 | |
| Select / deselect | 245 | |
| Select group hotkey | 562 | |
| Use ability | 94 | |
1868 total
» units
| Peon | 12 | |
| Troll Batrider | 12 | |
| Goblin Zeppelin | 1 | |
| Wind Rider | 6 | |
| Goblin Shredder | 1 | |
| Goblin Sapper | 18 | |
50 total
» upgrades
| Ranged Weapons | 3 | |
| Reinforced Defenses | 1 | |
| Liquid Fire | 1 | |
| Ensnare | 1 | |
| Armor | 1 | |
7 total
» buildings
| Altar of Storms | 1 | |
| Orc Burrow | 7 | |
| War Mill | 1 | |
| Voodoo Lounge | 1 | |
| Watch Tower | 23 | |
| Stronghold | 2 | |
| Fortress | 1 | |
| Beastiary | 3 | |
39 total
» build order
00:06 Altar of Storms
00:17 Orc Burrow
00:39 War Mill
01:10 Voodoo Lounge
01:52 Watch Tower
02:16 Watch Tower
02:38 Watch Tower
03:27 Stronghold
03:59 Watch Tower
04:00 Watch Tower
04:05 Watch Tower
04:23 Orc Burrow
04:24 Orc Burrow
04:28 Orc Burrow
06:01 Fortress
06:04 Beastiary
06:32 Beastiary
07:10 Watch Tower
10:55 Watch Tower
11:33 Beastiary
11:36 Orc Burrow
12:42 Orc Burrow
12:47 Watch Tower
12:48 Watch Tower
12:48 Watch Tower
15:26 Orc Burrow
16:39 Watch Tower
16:39 Watch Tower
16:40 Watch Tower
16:40 Watch Tower
19:45 Watch Tower
19:45 Watch Tower
20:37 Watch Tower
20:37 Watch Tower
22:27 Watch Tower
22:28 Watch Tower
22:28 Watch Tower
22:29 Watch Tower
» items
| Healing Salve | 2 | |
| Lesser Clarity Potion | 3 | |
| Orb of Lightning | 1 | |
| Tiny Great Hall | 1 | |
| Scroll of Town Portal | 2 | |
9 total

»
!Q55 (
green | 75 APM | 2264 actions | 30:09)
3 Blademaster
2 Wind Walk
1 Critical Strike
2 Shadow Hunter
1 Hex
1 Healing Wave
» actions
| Assign group hotkey | 29 | |
| Basic commands | 52 | |
| Build / train | 66 | |
| ESC pressed | 1 | |
| Enter build submenu | 25 | |
| Enter hero's abilities submenu | 6 | |
| Give item / drop item | 1 | |
| Remove unit from queue | 1 | |
| Right click | 1186 | |
| Select / deselect | 250 | |
| Select group hotkey | 515 | |
| Use ability | 132 | |
2264 total
» units
| Peon | 10 | |
| Shaman | 14 | |
| Troll Witch Doctor | 14 | |
| Demolisher | 3 | |
41 total
» upgrades
| Shaman Training | 2 | |
| Witch Doctor Training | 2 | |
| Reinforced Defenses | 1 | |
| Ranged Weapons | 1 | |
6 total
» buildings
| Altar of Storms | 1 | |
| Orc Burrow | 9 | |
| Voodoo Lounge | 1 | |
| Stronghold | 3 | |
| War Mill | 1 | |
| Fortress | 1 | |
| Spirit Lodge | 2 | |
| Watch Tower | 6 | |
| Barracks | 1 | |
| Great Hall | 2 | |
27 total
» build order
00:15 Altar of Storms
00:17 Orc Burrow
01:12 Voodoo Lounge
02:14 Stronghold
02:14 Stronghold
02:34 War Mill
04:53 Fortress
04:56 Spirit Lodge
04:58 Spirit Lodge
05:20 Orc Burrow
06:04 Orc Burrow
07:11 Orc Burrow
08:09 Orc Burrow
09:13 Watch Tower
09:17 Watch Tower
09:25 Watch Tower
09:29 Watch Tower
10:12 Orc Burrow
17:39 Orc Burrow
18:52 Barracks
20:00 Watch Tower
20:07 Watch Tower
20:19 Orc Burrow
23:44 Great Hall
23:49 Great Hall
27:37 Orc Burrow
» items
| Healing Salve | 2 | |
| Lesser Clarity Potion | 4 | |
| Scroll of Speed | 1 | |
7 total
team 2 (loser)
Walter.White (
pink | 106 APM | 2074 actions | 19:36)
3 Blood Mage
2 Flame Strike
1 Siphon Mana
1 Archmage
1 Blizzard
» actions
| Assign group hotkey | 47 | |
| Basic commands | 221 | |
| Build / train | 91 | |
| ESC pressed | 9 | |
| Enter build submenu | 41 | |
| Enter hero's abilities submenu | 4 | |
| Give item / drop item | 1 | |
| Right click | 518 | |
| Select / deselect | 413 | |
| Select group hotkey | 625 | |
| Use ability | 104 | |
2074 total
» units
| Peasant | 18 | |
| Footman | 3 | |
| Rifleman | 11 | |
| Mortar Team | 8 | |
| Spell Breaker | 4 | |
| Priest | 2 | |
46 total
» upgrades
| Masonry | 2 | |
| Gunpowder | 2 | |
| Long Rifles | 1 | |
| Plating | 2 | |
| Armor | 2 | |
| Lumber Harvesting | 1 | |
| Flare | 1 | |
| Priest Training | 1 | |
| Magic Sentry | 1 | |
| Sorceress Training | 1 | |
14 total
» buildings
| Farm | 11 | |
| Altar of Kings | 1 | |
| Lumber Mill | 1 | |
| Barracks | 1 | |
| Scout Tower | 15 | |
| Arcane Tower | 4 | |
| Arcane Vault | 1 | |
| Blacksmith | 2 | |
| Keep | 1 | |
| Guard Tower | 9 | |
| Town Hall | 1 | |
| Workshop | 2 | |
| Arcane Sanctum | 2 | |
| Castle | 1 | |
52 total
» build order
00:22 Farm
00:27 Altar of Kings
01:00 Lumber Mill
01:06 Farm
01:28 Barracks
01:38 Scout Tower
02:01 Farm
02:05 Arcane Tower
02:23 Arcane Vault
02:47 Blacksmith
03:17 Scout Tower
03:19 Keep
03:32 Blacksmith
04:18 Farm
04:20 Arcane Tower
04:28 Scout Tower
05:12 Farm
05:51 Guard Tower
06:56 Farm
06:57 Farm
06:58 Scout Tower
07:00 Scout Tower
07:02 Farm
07:09 Farm
07:33 Arcane Tower
08:18 Town Hall
08:49 Scout Tower
08:50 Scout Tower
08:55 Scout Tower
08:56 Scout Tower
09:57 Guard Tower
10:33 Workshop
11:00 Scout Tower
11:01 Scout Tower
11:05 Scout Tower
11:05 Scout Tower
11:06 Scout Tower
11:52 Guard Tower
11:57 Guard Tower
12:03 Arcane Tower
12:06 Guard Tower
12:06 Guard Tower
12:30 Farm
12:32 Guard Tower
12:37 Workshop
13:13 Arcane Sanctum
13:16 Arcane Sanctum
13:19 Farm
13:57 Scout Tower
16:16 Guard Tower
19:01 Castle
» items
| Lesser Clarity Potion | 3 | |
| Rod of Necromancy | 2 | |
| Scroll of Regeneration | 1 | |
6 total

»
Hillary.Clinton (
teal | 49 APM | 779 actions | 15:58)
2 Death Knight
1 Death Coil
1 Unholy Aura
» actions
| Basic commands | 3 | |
| Build / train | 52 | |
| Enter build submenu | 16 | |
| Enter hero's abilities submenu | 2 | |
| Give item / drop item | 1 | |
| Right click | 503 | |
| Select / deselect | 158 | |
| Use ability | 44 | |
779 total
» units
| Acolyte | 16 | |
| Ghoul | 14 | |
| Goblin Shredder | 1 | |
| Goblin Zeppelin | 1 | |
32 total
» upgrades
| Unholy Strength | 1 | |
| Ghoul Frenzy | 1 | |
2 total
» buildings
| Crypt | 2 | |
| Altar of Darkness | 1 | |
| Ziggurat | 6 | |
| Nerubian Tower | 3 | |
| Tomb of Relics | 1 | |
| Halls of the Dead | 1 | |
| Graveyard | 1 | |
| Black Citadel | 1 | |
| Slaughterhouse | 3 | |
| Spirit Tower | 4 | |
23 total
» build order
00:40 Crypt
00:44 Altar of Darkness
00:47 Ziggurat
00:58 Crypt
01:27 Ziggurat
01:46 Nerubian Tower
02:16 Tomb of Relics
03:35 Nerubian Tower
05:45 Halls of the Dead
06:02 Ziggurat
06:05 Ziggurat
06:07 Ziggurat
06:10 Graveyard
08:13 Black Citadel
08:30 Slaughterhouse
08:32 Spirit Tower
08:52 Slaughterhouse
09:03 Slaughterhouse
13:50 Ziggurat
14:07 Spirit Tower
14:12 Spirit Tower
14:13 Spirit Tower
» items
8=============D (
red | 107 APM | 3307 actions | 30:54)
6 Blademaster
3 Wind Walk
2 Critical Strike
1 Bladestorm
4 Shadow Hunter
2 Hex
2 Healing Wave
» actions
| Assign group hotkey | 117 | |
| Basic commands | 62 | |
| Build / train | 162 | |
| ESC pressed | 1 | |
| Enter build submenu | 44 | |
| Enter hero's abilities submenu | 10 | |
| Give item / drop item | 3 | |
| Right click | 1267 | |
| Select / deselect | 459 | |
| Select group hotkey | 956 | |
| Use ability | 226 | |
3307 total
» units
| Peon | 18 | |
| Grunt | 7 | |
| Goblin Shredder | 3 | |
| Troll Headhunter/Berserker | 9 | |
| Goblin Zeppelin | 13 | |
| Wind Rider | 2 | |
| Tauren | 3 | |
| Kodo Beast | 2 | |
| Raider | 2 | |
| Shaman | 9 | |
| Spirit Walker | 2 | |
70 total
» upgrades
| Armor | 3 | |
| Ranged Weapons | 3 | |
| Berserker Strength | 1 | |
| Pillage | 1 | |
| Envenomed Spears | 1 | |
| Berserker Upgrade | 1 | |
| Reinforced Defenses | 1 | |
| War Drums Damage Increase | 1 | |
| Ensnare | 1 | |
| Shaman Training | 2 | |
| Spirit Walker Training | 2 | |
| Pulverize | 1 | |
| Melee Weapons | 3 | |
| Witch Doctor Training | 1 | |
22 total
» buildings
| Orc Burrow | 7 | |
| Altar of Storms | 1 | |
| Barracks | 1 | |
| Voodoo Lounge | 1 | |
| War Mill | 1 | |
| Stronghold | 4 | |
| Watch Tower | 19 | |
| Beastiary | 4 | |
| Fortress | 4 | |
| Great Hall | 2 | |
| Spirit Lodge | 2 | |
| Tauren Totem | 1 | |
47 total
» build order
00:12 Orc Burrow
00:21 Orc Burrow
01:06 Altar of Storms
01:41 Barracks
02:16 Voodoo Lounge
02:33 War Mill
03:32 Orc Burrow
05:27 Stronghold
05:28 Stronghold
06:08 Orc Burrow
06:29 Watch Tower
08:25 Beastiary
08:29 Beastiary
08:31 Beastiary
08:33 Beastiary
09:21 Fortress
09:21 Fortress
10:27 Great Hall
10:31 Watch Tower
10:32 Watch Tower
12:01 Watch Tower
12:14 Watch Tower
13:00 Watch Tower
13:04 Watch Tower
14:12 Watch Tower
14:17 Watch Tower
14:18 Watch Tower
16:03 Watch Tower
16:16 Spirit Lodge
16:17 Spirit Lodge
16:23 Tauren Totem
16:49 Orc Burrow
17:11 Watch Tower
17:15 Watch Tower
17:17 Watch Tower
17:39 Orc Burrow
17:47 Orc Burrow
25:54 Great Hall
26:09 Watch Tower
26:21 Watch Tower
26:38 Watch Tower
27:02 Watch Tower
27:43 Watch Tower
» items
| Healing Salve | 8 | |
| Lesser Clarity Potion | 6 | |
| Potion of Mana | 2 | |
| Scroll of Town Portal | 3 | |
| Orb of Lightning | 3 | |
| Potion of Healing | 3 | |
25 total

»
Blood4oil (
purple | 49 APM | 892 actions | 18:21)
2 Far Seer
1 Feral Spirit
1 Chain Lighting
2 Tauren Chieftain
1 Endurance Aura
1 War Stomp
1 Shadow Hunter
1 Hex
» actions
| Assign group hotkey | 17 | |
| Basic commands | 4 | |
| Build / train | 66 | |
| ESC pressed | 1 | |
| Enter build submenu | 20 | |
| Enter hero's abilities submenu | 5 | |
| Right click | 372 | |
| Select / deselect | 194 | |
| Select group hotkey | 159 | |
| Use ability | 54 | |
892 total
» units
| Peon | 15 | |
| Grunt | 12 | |
| Troll Witch Doctor | 5 | |
| Shaman | 2 | |
34 total
» upgrades
| Armor | 2 | |
| Spiked Barricades | 2 | |
| Melee Weapons | 2 | |
| Pillage | 1 | |
| Berserker Strength | 1 | |
| Witch Doctor Training | 2 | |
| Shaman Training | 2 | |
| Reinforced Defenses | 1 | |
13 total
» buildings
| Orc Burrow | 6 | |
| Barracks | 1 | |
| Altar of Storms | 1 | |
| War Mill | 1 | |
| Stronghold | 1 | |
| Watch Tower | 5 | |
| Voodoo Lounge | 1 | |
| Spirit Lodge | 2 | |
| Fortress | 2 | |
20 total
» build order
00:21 Orc Burrow
00:53 Barracks
01:17 Altar of Storms
01:41 Orc Burrow
03:00 War Mill
03:18 Orc Burrow
04:44 Stronghold
04:50 Watch Tower
05:11 Watch Tower
05:19 Watch Tower
06:03 Watch Tower
07:18 Orc Burrow
07:26 Voodoo Lounge
07:34 Spirit Lodge
07:39 Spirit Lodge
08:15 Orc Burrow
08:44 Fortress
08:45 Fortress
10:04 Orc Burrow
11:28 Watch Tower
» items
Chat log
(00:05 / All) Hillary.Clinton: Lol
(00:06 / All) Hillary.Clinton: ur green
(00:09 / All) Hillary.Clinton: again and yellow is too
(00:10 / Allies) Walter.White: aoe
(00:11 / All) Hillary.Clinton: remmeber
(00:16 / All) Hillary.Clinton: u got disconnected
(00:17 / All) 8=============D: 2 criminal masterminds on my team
(00:19 / All) Hillary.Clinton: drophacked
(00:20 / All) !Q55: yeah i know
(00:23 / All) !Q55: hax are real
(00:24 / All) Hillary.Clinton: green and danks
(00:25 / All) Hillary.Clinton: ye
(00:29 / Allies) Hillary.Clinton: lets mass rush guys
(00:35 / Allies) Walter.White: ok
(00:37 / All) Hillary.Clinton: GL hf anyways
(00:48 / All) Jooooooooooooos: don't confuse me with colors from previous matches, brother
(00:54 / All) Hillary.Clinton: or what
(01:00 / All) !Q55: im red
(01:02 / Allies) 8=============D: cc
(01:04 / All) Hillary.Clinton: stfu
(01:15 / Allies) Hillary.Clinton: u want to cc?
(01:17 / All) Jooooooooooooos: We shall see who has the last laugh, my friend
(01:18 / Allies) Hillary.Clinton: kkk
(01:19 / Allies) 8=============D: cc
(01:20 / Allies) Walter.White: ruysh
(01:21 / Allies) Hillary.Clinton: hero harass
(01:23 / All) Jooooooooooooos: But I promise you that it shall be I
(01:36 / Allies) Hillary.Clinton: pink purp red hero harass?
(01:37 / Allies) Hillary.Clinton: force tp?
(01:52 / Allies) Hillary.Clinton: cool?
(02:01 / Allies) 8=============D: k
(02:43 / Allies) Hillary.Clinton: tower up tho
(02:45 / Allies) Hillary.Clinton: they may rysh
(02:57 / Allies) Hillary.Clinton: ready for harass
(04:12 / Allies) Walter.White: ty
(04:15 / Allies) Hillary.Clinton: np
(06:56 / Allies) Hillary.Clinton: pussy gone
(08:42 / Allies) Hillary.Clinton: red expo
(08:43 / Allies) Hillary.Clinton: who needs wood
(09:36 / Allies) Hillary.Clinton: gonna rape yellow peasants
(10:59 / Allies) Hillary.Clinton: send me gold guys
(11:08 / Allies) Hillary.Clinton: send me gold guys
(11:32 / Allies) Hillary.Clinton: we gotta hit
(11:38 / Allies) Walter.White: yep
(11:48 / Allies) 8=============D: hit inside base
(12:10 / Allies) Hillary.Clinton: theyre gonan hit my base
(12:27 / Allies) Hillary.Clinton: knew we shoudlve
(12:27 / Allies) Hillary.Clinton: rushed
(13:21 / Allies) Hillary.Clinton: need lots of morts
(13:28 / Allies) Hillary.Clinton: get out
(13:29 / Allies) Hillary.Clinton: u idiot
(13:36 / All) !Q55: noob
(14:28 / Allies) Hillary.Clinton: tp or we lose
(14:29 / Allies) Hillary.Clinton: srs
(14:30 / Allies) 8=============D: noob
(14:41 / Allies) Hillary.Clinton: ffs
(14:44 / All) Hillary.Clinton: gg noob allies
(14:45 / All) Hillary.Clinton: red is so trash
(14:49 / All) 8=============D: Teal is a noob
(14:56 / All) Hillary.Clinton: ur so trash
(15:00 / All) Hillary.Clinton: even green called u out
(15:01 / All) Hillary.Clinton: retard
(15:10 / All) 8=============D: I think you're a noob
(15:11 / All) Hillary.Clinton: This noob is actually towering
(15:12 / All) Hillary.Clinton: Lmao
(15:15 / All) Hillary.Clinton: this kid is so bad
(15:21 / All) Hillary.Clinton: just statted him, hes under 50 not surprised
(15:31 / All) Jooooooooooooos: shut up whiner
(15:31 / All) 8=============D: I have no games played on this acc
(15:34 / All) Jooooooooooooos: fucking pussy
(15:35 / All) 8=============D: it's a fresh acc
(15:35 / All) Hillary.Clinton: w.e enjoy the freen name
(15:38 / All) Hillary.Clinton: free game
(15:38 / All) Jooooooooooooos: that blames team when you got raped by me
(15:42 / All) Hillary.Clinton: gg good job green
(15:44 / All) Hillary.Clinton: and orange
(15:45 / All) Jooooooooooooos: I'm your lord and master
(15:48 / All) Hillary.Clinton: and blue
(15:50 / All) Hillary.Clinton: yellow and red
(15:54 / All) Hillary.Clinton: need to uninstall
(15:57 / All) 8=============D: rage
(15:58 / All) Jooooooooooooos: lol
(16:00 / All) Jooooooooooooos: I am your lord and master
(16:33 / All) !Q55: yeah red is bad
(17:36 / All) Jooooooooooooos: raped purple
(17:40 / All) Jooooooooooooos: I am your lord and master too
(17:43 / All) Jooooooooooooos: kneel before me
(17:47 / All) Jooooooooooooos: and kiss the cock
(17:57 / All) 8=============D: ~~~~~~~~~~~~
(18:05 / All) Blood4oil: omg your soo good at killing peons
(18:11 / All) 8=============D: ~~~~~~~~~~~~~~
(18:17 / All) Jooooooooooooos: Your hall? It seems to have vanished
(18:24 / All) !Q55: gG
(18:25 / All) Jooooooooooooos: Your towers? They must have been a figment of my imagination
(18:26 / All) !Q55: get good red
(18:29 / All) !Q55: dumb name too
(18:29 / All) 8=============D: gg time to leave
(18:31 / All) 8=============D: you lose
(18:32 / All) 8=============D: ~~~~~~
(18:35 / All) Jooooooooooooos: Your burrows? Hah, I must have just dreamed them
(18:39 / All) 8=============D: suck my orc dick, it's bigger than yours green
(18:58 / All) Jooooooooooooos: HEY PINK
(19:01 / All) Jooooooooooooos: YOU WANT SOME MUTHAFUCKA?
(19:01 / All) 8=============D: my orc dicker is bigger than urs green
(19:02 / All) 8=============D: ~~~~~~~~~~
(19:02 / All) Jooooooooooooos: LEt'S GO BITCH!
(19:03 / All) 8=============D: leave
(19:04 / All) 8=============D: you lose
(19:28 / All) Jooooooooooooos: Fucking punk
(19:31 / All) Jooooooooooooos: amateur
(19:46 / All) Jooooooooooooos: KNEEL BEFORE THE POWER OF GILARAS AND THE BLOOD ELVES
(21:16 / All) 8=============D: leave
(21:18 / All) 8=============D: I win
(21:19 / All) 8=============D: gg
(21:55 / All) ALPHA-DAWG: wow orange
(21:58 / All) ALPHA-DAWG: seriously fuck u
(22:00 / All) 8=============D: ez game ez life
(22:00 / All) ALPHA-DAWG: u tp to greens base
(22:02 / All) 8=============D: ~~~~~~~~
(22:02 / All) ALPHA-DAWG: immediately
(22:04 / All) ALPHA-DAWG: but not mine
(22:15 / All) ALPHA-DAWG: took u an hour
(22:16 / All) ALPHA-DAWG: to tp
(22:16 / All) 8=============D: suck my big orc dick green
(24:43 / All) 8=============D: ~~~~~~~~~~
(25:12 / All) 8=============D: LEAVE PLZ
(25:17 / All) !Q55: lmfao yeah for sure
(25:20 / All) 8=============D: YOU LOSE
(25:23 / All) 8=============D: ~~~~~~~~~~
(25:24 / All) !Q55: mhmm
(25:31 / All) 8=============D: save yourself the anal pain
(25:39 / All) !Q55: come kill me then
(25:50 / All) 8=============D: you're already dead
(26:33 / All) ALPHA-DAWG: suck my dick biatch
(26:35 / All) ALPHA-DAWG: kodo #1
(26:38 / All) Jooooooooooooos: he's undefeated
(26:46 / All) !Q55: gets carried every game
(26:55 / All) 8=============D: green suck my orc dick
(26:56 / All) 8=============D: ~~~~~~~~
(29:30 / All) 8=============D: bad idea
(29:37 / All) !Q55: k
(30:00 / All) !Q55: GG
(30:02 / All) ALPHA-DAWG: leave plz
(30:03 / All) !Q55: blue is a nigger
(30:10 / All) 8=============D: gg
(30:29 / All) Jooooooooooooos: lawl
(30:37 / All) Jooooooooooooos: teal and purp should lose
(30:48 / All) 8=============D: "k